AoeStats
← Merouane

Black Forest

508303336Analyzed
3v3 RM · 10d ago on Sep 21, 2026· 94m 54s· 6 players
Game mode
Random Map
Map size
Normal (6 player)
Population
200
Speed
Normal
Resources
Standard
Victory
Conquest
Starting age
Dark Age
Ending age
Imperial Age
RankedLock teamsTeams togetherTeam positionsShared explorationLock speedFull tech treeHidden civsTurbo modeCheats
Victory
Defeat
🇷🇺 Lithuanians · Russia
638
+9
🇹🇷 Franks · Türkiye
539
+13
🇹🇷 Khmer · Türkiye
537
+13
🇫🇷 Celts · France
812
-79
🇫🇷 Khmer · France
298
-6
🇫🇷 Chinese · France
268
-5
Ejderya
1:28 Loom
16:11 Feudal Age
16:40 Double-Bit Axe
23:21 Wheelbarrow
22:44 Gold Mining
25:58 Castle Age
26:46 Caravan
27:06 Hand Cart
28:05 Bow Saw
31:08 Gold Shaft Mining
34:25 Imperial Age
31:54 Stone Mining
32:14 Scale Barding Armor
32:44 Fortified Wall
37:17 Chain Barding Armor
37:07 Forging
36:51 Cavalier
37:32 Husbandry
39:11 Plate Barding Armor
38:35 Light Cavalry
42:32 Paladin
44:14 Iron Casting
45:02 Masonry
46:52 Chivalry
47:13 Conscription
49:54 Blast Furnace
54:22 Chemistry
53:45 Ballistics
53:17 Guard Tower
53:27 Murder Holes
56:53 Architecture
56:34 Siege Engineers
69:04 Elite Throwing Axeman
74:18 Scale Mail Armor
74:23 Squires
74:09 Arson
74:09 Gambesons
80:15 #83
Я_НЕ_ПЛАЧУ
14:26 Feudal Age
15:18 Double-Bit Axe
15:16 Horse Collar
15:53 Fishing Lines
17:03 Wheelbarrow
27:04 Castle Age
25:28 Gold Mining
25:31 Stone Mining
27:14 Scale Barding Armor
27:10 Scale Mail Armor
27:20 Forging
28:05 Hand Cart
28:09 Caravan
28:50 Stone Shaft Mining
30:06 Chain Barding Armor
30:01 Chain Mail Armor
30:22 Iron Casting
30:14 Bow Saw
30:18 Gillnets
31:40 Heavy Plow
39:01 Town Watch
39:05 Loom
40:41 Town Patrol
46:01 Imperial Age
46:09 Imperial Age
47:26 Plate Barding Armor
47:18 Conscription
49:24 Elite Leitis
53:05 Two-Man Saw
54:42 Crop Rotation
60:16 Ballistics
60:56 Chemistry
62:31 Arson
62:47 Squires
62:07 Pikeman
67:07 Halberdier
71:12 Town Patrol
71:10 Fletching
71:21 Padded Archer Armor
mhaliddur
1:51 Loom
15:50 Feudal Age
16:23 Gold Mining
16:20 Double-Bit Axe
16:18 Horse Collar
20:55 Stone Mining
23:10 Wheelbarrow
25:57 Castle Age
26:21 Castle Age
27:28 Heavy Plow
27:41 Bow Saw
28:09 Gold Shaft Mining
28:12 Stone Shaft Mining
32:58 Imperial Age
30:42 Caravan
31:08 Husbandry
31:20 Bloodlines
34:00 Elite Battle Elephant
36:29 Hand Cart
37:38 Cavalier
45:20 Scale Barding Armor
45:16 Padded Archer Armor
45:06 Fletching
45:27 Forging
46:25 Tusk Swords
47:16 Chain Barding Armor
47:12 Leather Archer Armor
47:15 Elite Ballista Elephant
47:59 Bodkin Arrow
49:32 Double Crossbow
51:44 Plate Barding Armor
51:40 Ring Archer Armor
53:38 Crop Rotation
67:27 Hoardings
Kiwi-
0:32 Loom
15:02 Feudal Age
16:29 Wheelbarrow
15:44 Double-Bit Axe
15:42 Horse Collar
20:21 Stone Mining
21:35 Town Watch
26:38 Bloodlines
32:14 Castle Age
33:02 Scale Mail Armor
33:08 Scale Barding Armor
33:14 Forging
35:02 Hand Cart
35:02 Bow Saw
38:01 Chain Barding Armor
38:18 Husbandry
37:39 Light Cavalry
41:44 Caravan
42:25 Stone Shaft Mining
41:43 Gold Mining
44:12 Gold Shaft Mining
44:20 Chain Mail Armor
44:40 Iron Casting
47:46 Imperial Age
45:19 Town Patrol
46:08 Padded Archer Armor
45:58 Fletching
49:28 Plate Barding Armor
49:24 Conscription
50:47 Two-Man Saw
52:12 Great Wall
52:33 Rocketry
51:41 Heavy Rocket Cart
52:42 Fortified Wall
52:44 Masonry
52:47 Heavy Plow
53:00 Cavalier
56:50 Architecture
56:16 Murder Holes
56:44 Ballistics
57:24 Chemistry
56:15 Guard Tower
56:15 Arrowslits
57:07 Plate Mail Armor
57:38 Blast Furnace
56:02 Elite Chu Ko Nu
57:03 Leather Archer Armor
60:18 Ring Archer Armor
59:43 Bodkin Arrow
61:10 Pikeman
61:51 Squires
64:58 Halberdier
65:26 Arson
69:22 Bracer
Merouane
1:46 Loom
18:22 Feudal Age
20:49 Wheelbarrow
23:43 Stone Mining
23:44 Gold Mining
23:37 Horse Collar
23:53 Double-Bit Axe
29:36 Castle Age
33:16 Bow Saw
33:48 Heavy Plow
34:52 Gold Shaft Mining
36:10 Hand Cart
40:22 Imperial Age
43:29 Caravan
44:59 Stone Shaft Mining
48:46 Husbandry
48:57 Bloodlines
49:49 Double Crossbow
50:11 Conscription
51:19 Masonry
51:32 Ballistics
52:24 Crop Rotation
52:27 Tusk Swords
53:38 Hoardings
53:24 Guard Tower
53:59 Scale Barding Armor
54:41 Sappers
56:58 Chain Barding Armor
56:39 Scale Mail Armor
56:40 Padded Archer Armor
56:31 Fletching
56:51 Forging
57:00 Elite Battle Elephant
58:08 Murder Holes
58:56 Architecture
58:49 Heated Shot
60:01 Chemistry
58:46 Elite Ballista Elephant
59:04 Heavy Scorpion
63:12 Onager
69:10 Keep
68:49 Fortified Wall
68:35 Murder Holes
68:46 Siege Engineers
69:19 Coinage
ibrahim
14:51 Feudal Age
16:40 Wheelbarrow
16:05 Horse Collar
16:16 Double-Bit Axe
21:52 Gold Mining
21:53 Stone Mining
24:53 Castle Age
23:49 Forging
23:40 Scale Mail Armor
23:52 Arson
25:58 Hand Cart
25:55 Bow Saw
25:55 Heavy Plow
25:41 Pikeman
27:51 Husbandry
30:31 Stone Shaft Mining
30:31 Gold Shaft Mining
32:16 Iron Casting
31:57 Chain Mail Armor
37:40 Imperial Age
38:47 Town Watch
39:47 Conscription
38:52 Halberdier
41:46 Plate Mail Armor
42:17 Blast Furnace
41:21 Caravan
41:28 Town Patrol
41:25 Light Cavalry
44:02 Treadmill Crane
66:05 Hussar
67:12 Gambesons
68:25 Scale Barding Armor
69:30 Chemistry
68:51 Ballistics
69:24 Hoardings
69:04 Furor Celtica
75:09 Loom
78:06 Man-at-Arms
79:00 Onager
79:15 Long Swordsman
80:08 Two-Handed Swordsman
82:24 Champion
Connection lost

Rejoining the realm…

Still unreachable

The connection could not be restored.

Session expired

The server has moved on; the page needs a fresh start.